 Dungeon Crawl Stone Soup version 0.25.1-2-g60ff931df9 (webtiles) character file.

Game seed: 17830364667458818147

30 Johnny the Digger (level 2, 0/20 HPs)
             Began as a Demigod Earth Elementalist on Oct 21, 2020.
             Slain by Sigmund
             ... wielding a +2 scythe of holy wrath
              (9 damage)
             ... on level 2 of the Dungeon.
             The game lasted 00:00:53 (1353 turns).

Johnny the Digger (Demigod Earth Elementalist)      Turns: 1353, Time: 00:00:53

Health: 0/20       AC:  2    Str: 11    XL:     2   Next: 84%
Magic:  2/7        EV: 12    Int: 19    God:
Gold:   14         SH:  0    Dex: 16    Spells: 4/5 levels left

rFire    . . .     SeeInvis .   g - +0 short sword
rCold    . . .     Gourm    .   (no shield)
rNeg     . . .     Faith    .   c - +0 robe
rPois    .         Spirit   .   (no helmet)
rElec    .         Reflect  .   (no cloak)
rCorr    .         Harm     .   (no gloves)
MR       .....                  (no boots)
Stlth    ++........             (no amulet)
HPRegen  0.06/turn              (no ring)
MPRegen  0.10/turn              (no ring)

@: no status effects
A: high mp 1
a: no special abilities


You were on level 2 of the Dungeon.
You were hungry.

You visited 1 branch of the dungeon, and saw 2 of its levels.

You collected 14 gold pieces.

Inventory:

Hand Weapons
 g - a +0 short sword (weapon)
Missiles
 b - 22 stones (quivered)
Armour
 c - a +0 robe (worn)
Scrolls
 a - a scroll of enchant weapon {unknown}
 e - 3 scrolls of remove curse {unknown}
 f - a scroll of identify {unknown}
 h - a scroll of teleportation {unknown}
 i - a scroll of amnesia {unknown}
Comestibles
 d - 6 rations
 j - a chunk of flesh


   Skills:
 - Level 1.7 Dodging
 - Level 1.7 Stealth
 + Level 2.2 Spellcasting
   Level 0.8 Transmutations
 * Level 3.5 Earth Magic


You had 4 spell levels left.
You knew the following spells:

 Your Spells              Type           Power        Failure   Level  Hunger
a - Sandblast             Erth           ###...       4%          1    #......

Your spell library contained the following spells:

 Spells                   Type           Power        Failure   Level  Hunger
 Passwall                 Tmut/Erth      ##......     11%         2    ##.....
 Stone Arrow              Conj/Erth      #.....       24%         3    ###....
 Petrify                  Tmut/Erth      ##......     56%         4    #####..
 Lee's Rapid Deconstruct  Erth           ###.......   73%         5    ######.


Dungeon Overview and Level Annotations

Branches:
Dungeon (2/15)

Annotations:
D:2 Sigmund


Innate Abilities, Weirdness & Mutations

You have an increased reservoir of magic. (+10% MP)


Message History

You are feeling hungry.
Sigmund hits you from afar with a +2 scythe of holy wrath.
Casting: Sandblast (safe; 4% risk of failure)
Confirm with . or Enter, or press ? or * to list all spells.
Aiming: Sandblast (safe; 4% risk of failure)
Press: ? - help, Shift-Dir - straight line, f/p - Sigmund
Aim: Sigmund, wielding a +2 scythe of holy wrath and wearing a +0 robe (heavily wounded)
The blast of sand hits Sigmund.
Sigmund is heavily wounded.
b - 23 stones
Casting: Sandblast (safe; 4% risk of failure)
Confirm with . or Enter, or press ? or * to list all spells.
Aiming: Sandblast (safe; 4% risk of failure)
Press: ? - help, Shift-Dir - straight line, f/p - Sigmund
Aim: Sigmund, wielding a +2 scythe of holy wrath and wearing a +0 robe (heavily wounded)
The blast of sand hits Sigmund!
Sigmund is severely wounded.
b - 22 stones Sigmund hits you from afar with a +2 scythe of holy wrath!
You die...

###...# #.<...#
#.#÷..# #.##.##
≈.≈≈≈≈. #.##.#
#.≈≈≈≈.≈≈ # #.##.#
#.≈≈≈≈≈≈≈ #.#.##.#
#..≈≈≈≈≈≈
.####.#.##.###..≈≈≈≈≈≈
.........@.@...≈≈≈≈..≈
.####.#.##.###≈.≈≈≈≈_♣
.............w≈≈≈≈≈...
.######.##.###.≈≈≈≈≈≈≈
#.##.# #≈.≈≈≈≈≈≈
#....# #.r≈≈≈≈≈≈
###### #≈≈≈≈(...
#...≈.≈≈. #......##


You could see Sigmund.

Vanquished Creatures
  An adder (D:2)
  A worm (D:2)
  A dart slug (D:1)
  3 bats
  3 hobgoblins (D:1)
  A jackal (D:1)
  2 quokkas (D:2)
  A kobold (D:1)
  3 rats
16 creatures vanquished.

Notes
Turn   | Place    | Note
-------+----------+-------------------------------------------
     0 | D:1      | Johnny the Demigod Earth Elementalist began the quest for
                  | the Orb.
     0 | D:1      | Reached XP level 1. HP: 14/14 MP: 5/5
   270 | D:1      | Reached skill level 3 in Earth Magic
   408 | D:1      | Reached XP level 2. HP: 10/20 MP: 0/7
  1005 | D:2      | Found a faded altar of an unknown god.
  1006 | D:2      | Noticed Sigmund
  1353 | D:2      | Slain by Sigmund

Illustrated notes

Levels and vault maps discovered:
D:1:      dpeg_arrival_simpleton_c, layout_basic, minmay_indecisive_spiral
D:2:      layout_basic, first_ration, chequers_ecumenical_altar_island,
          uniq_sigmund

Skill      XL: |  1 |
---------------+----+-----
Spellcasting   | 2 |  2.2
Earth Magic    | 3 |  3.5
Dodging        | |  1.7
Stealth        | |  1.7
Transmutations | |  0.8

Action                   || total
-------------------------++-------
Melee: Unarmed           ||     5
       Short sword       ||    14
 Cast: Sandblast         ||    27
  Eat: Chunk             ||     1
Armor: Robe              ||     5
Dodge: Dodged            ||    34
